 Dungeon Crawl Stone Soup version 0.18-b1-23-gf76aad1 (webtiles) character file.

7272 shmeve the Fighter (level 10, 0/96 HPs)
             Began as a Minotaur Berserker on May 5, 2016.
             Was a High Priest of Trog.
             Succumbed to a spiny frog's poison
             ... on level 1 of the Lair of Beasts.
             The game lasted 00:27:51 (10745 turns).

shmeve the Fighter (Minotaur Berserker)            Turns: 10745, Time: 00:27:51

Health: 0/96       AC: 17    Str: 23    XL:     10   Next: 89%
Magic:  9/9        EV:  9    Int:  5    God:    Trog [*****.]
Gold:   763        SH:  0    Dex: 11    Spells: 0 memorised, 9 levels left

rFire  . . .     SeeInvis .     a - +0 battleaxe
rCold  . . .     Gourm    .     n - +0 plate armour
rNeg   . . .     Faith    .     (shield currently unavailable)
rPois  .         Spirit   .     (helmet restricted)
rElec  .         Dismiss  .     e - +1 cloak
rCorr  +         Reflect  .     o - +0 pair of gloves
SustAt .         Harm     .     (no boots)
MR     +++..                    (no amulet)
Stlth  ..........               G - ring of resist corrosion
                                x - ring of protection from magic

@: lethally poisoned (0 -> -4), regenerating, extremely resistant to hostile
enchantments, extremely unstealthy
A: retaliatory headbutt, horns 2
a: Berserk, Trog's Hand, Brothers in Arms, Burn Spellbooks, Renounce Religion


You were on level 1 of the Lair of Beasts.
You worshipped Trog.
Trog was extremely pleased with you.
You were not hungry.

You visited 3 branches of the dungeon, and saw 11 of its levels.
You also visited: Ossuary.

You collected 881 gold pieces.
You spent 118 gold pieces at shops.

Inventory:

Hand Weapons
 a - a +0 battleaxe (weapon)
 l - a +1 war axe
Missiles
 I - 4 tomahawks of returning (quivered)
Armour
 e - a +1 cloak (worn)
 n - a +0 plate armour (worn)
 o - a +0 pair of gloves (worn)
Jewellery
 x - a ring of protection from magic (left hand)
 G - a ring of resist corrosion (right hand)
Wands
 u - a wand of digging (21/24)
Scrolls
 b - 3 scrolls of blinking
 j - 6 scrolls of remove curse
 k - 2 scrolls of teleportation
 r - 4 scrolls of identify
 t - 3 scrolls of recharging
 v - a scroll of fear
 y - 5 scrolls of magic mapping
 z - a scroll of fog
 A - 3 scrolls of enchant armour
Potions
 d - 4 potions of haste
 f - a potion of brilliance
 g - 4 potions of curing
 i - 4 potions of flight
 p - a potion of magic
 q - 3 potions of cancellation
 s - 3 potions of heal wounds
 B - 3 potions of cure mutation
 D - a potion of beneficial mutation {unknown}
 E - 3 potions of resistance
Comestibles
 c - 9 bread rations
 h - 2 meat rations
 m - a royal jelly
 w - a beef jerky
 C - 18 fruits
 F - a chunk of flesh
 J - a slice of pizza


   Skills:
 * Level 11.2 Fighting
 * Level 10.9 Axes
 + Level 6.6 Throwing
 + Level 7.9 Armour
 + Level 7.4 Dodging


You had 9 spell levels left.
You didn't know any spells.

Dungeon Overview and Level Annotations

Branches:
Dungeon (9/15)             Temple (1/1) D:6            Lair (1/8) D:9
    Orc: D:9-12

Altars:
Cheibriados
Dithmenos
Elyvilon
Fedhas
Gozag
Kikubaaqudgha
Makhleb
Nemelex Xobeh
Okawaru
Pakellas
Qazlal
Sif Muna
Trog
Xom
Yredelemnul
Zin

Shops:
D:5 *   D:7 =%   D:9 ?

Annotations:
D:9 1 runed door


Innate Abilities, Weirdness & Mutations

You reflexively headbutt those who attack you in melee.
You have a pair of horns on your head.


Message History

You kill the wolf!
Trog accepts your kill.
Your skin crawls.
You feel resistant to hostile enchantments.
You feel slightly more hungry.
You feel sick.
The spiny frog stings you but does no damage.
The wolf bites you but does no damage.
You slash the spiny frog! You headbutt the spiny frog.
The spiny frog is moderately wounded.
You slash the wolf!
You kill the wolf!
Trog accepts your kill.
You feel sick. The spiny frog stings you!
* * * LOW HITPOINT WARNING * * *
You are lethally poisoned!
The spiny frog poisons you!
The spiny frog stings you but does no damage.
You closely miss the spiny frog.
The spiny frog is moderately wounded.
You die...

######..#.#.#.##...#
# #..........+...# #
##..#......P..# #
#......>......#
##..#......#..#
#..#.........# # #.
#.........# ... .
#.........# ...
######+#@†# ....
......†.F# ....
.........# ...
.##.....?# .
#.......# ##......#
.......# ##......#


You could see a spiny frog.

Vanquished Creatures
  Pikel (D:5)
  A deep elf mage (D:8)
  A centaur zombie (D:9)
  A troll (D:9)
  Grinder (D:3)
  3 yaks (D:9)
  Sigmund (D:2)
  A wyvern (Lair:1)
  A steam dragon (D:9)
  A hippogriff (D:7)
  A water moccasin (Lair:1)
  2 orc warriors
  4 ice beasts
  4 sky beasts
  4 slaves (D:5)
  A wasp (D:7)
  A necrophage (D:9)
  An ogre (D:4)
  5 wolves (Lair:1)
  A centaur (D:9)
  A crocodile (Lair:1)
  3 giant frogs
  2 water moccasin zombies (Ossuary)
  2 scorpions
  4 killer bees (D:9)
  5 wights (D:7)
  9 howler monkeys
  2 crimson imps
  4 hounds
  A quasit (D:5)
  7 orc priests
  3 giant frog skeletons
  2 jellies
  Ijyb (D:2)
  3 iguanas
  Natasha (twice) (D:2)
  10 orc wizards
  6 worker ants
  A killer bee zombie (D:5)
  A big kobold zombie (Ossuary)
  A hound zombie (D:4)
  2 hound skeletons
  3 mummies
  A worker ant zombie (D:4)
  10 gnolls
  13 adders
  3 shadow imps
  5 adder zombies
  5 adder skeletons
  4 worms
  4 dart slugs
  6 giant geckos
  45 orcs
  3 bats (D:2)
  7 giant cockroaches
  2 gnoll zombies (Ossuary)
  7 hobgoblins
  12 jackals
  5 quokkas
  A ball python skeleton (D:4)
  A giant cockroach zombie (D:4)
  2 giant gecko skeletons
  6 giant newts
  10 goblins
  5 hobgoblin zombies
  A jackal skeleton (D:4)
  4 kobolds
  6 kobold zombies
  6 orc zombies
  2 quokka skeletons
  A quokka zombie (D:4)
  3 rats
  A fungus (D:9)
292 creatures vanquished.

Notes
Turn   | Place    | Note
--------------------------------------------------------------
     0 | D:1      | shmeve the Minotaur Berserker began the quest for the Orb.
     0 | D:1      | Reached XP level 1. HP: 19/19 MP: 0/0
   271 | D:1      | Reached XP level 2. HP: 20/27 MP: 1/1
   273 | D:1      | Reached skill level 4 in Fighting
  1032 | D:2      | Noticed Sigmund
  1037 | D:2      | Reached XP level 3. HP: 27/34 MP: 2/2
  1039 | D:2      | Killed Sigmund
  1039 | D:2      | Reached skill level 5 in Fighting
  1039 | D:2      | Reached skill level 1 in Throwing
  1039 | D:2      | Reached XP level 4. HP: 34/42 MP: 3/3
  1039 | D:2      | Reached XP level 5. HP: 39/48 MP: 4/4
  1075 | D:2      | Noticed Ijyb
  1085 | D:2      | Killed Ijyb
  1090 | D:2      | Reached ** piety under Trog
  1090 | D:2      | Reached skill level 5 in Axes
  1514 | D:2      | You fall through a shaft!
  1816 | D:2      | Noticed Natasha
  1823 | D:2      | Killed Natasha
  1823 | D:2      | Reached XP level 6. HP: 41/56 MP: 5/5
  2143 | D:2      | Noticed Natasha
  2147 | D:2      | Killed Natasha
  2676 | D:3      | Reached *** piety under Trog
  2812 | D:3      | Found a deep blue altar of Sif Muna.
  2815 | D:3      | Found a basalt altar of Yredelemnul.
  2818 | D:3      | Found an ancient bone altar of Kikubaaqudgha.
  2826 | D:3      | Found a snail-covered altar of Cheibriados.
  3092 | D:3      | Noticed Grinder
  3101 | D:3      | Paralysed by Grinder for 3 turns
  3108 | D:3      | Killed Grinder
  3108 | D:3      | Reached skill level 6 in Fighting
  3108 | D:3      | Reached XP level 7. HP: 50/63 MP: 6/6
  3317 | D:3      | Found an opulent altar of Gozag.
  3318 | D:3      | Found a glowing silver altar of Zin.
  3838 | D:4      | Reached **** piety under Trog
  4198 | D:4      | Reached skill level 7 in Fighting
  4198 | D:4      | Reached XP level 8. HP: 70/73 MP: 7/7
  4248 | D:5      | Entered Level 5 of the Dungeon
  4307 | D:5      | Noticed Pikel
  4322 | D:5      | HP: 5/109 [slave[Pikel] (5)]
  4322 | D:5      | Killed Pikel
  4322 | D:5      | Reached skill level 5 in Armour
  4322 | D:5      | Reached skill level 5 in Dodging
  4500 | D:5      | Found a sand-covered staircase.
  4511 | Ossuary  | Entered an ossuary
  4693 | Ossuary  | Reached skill level 8 in Fighting
  5201 | D:5      | Found Fuim's Assorted Antiques.
  5204 | D:5      | Bought a scroll labeled JUIMYO LOFYSK for 25 gold pieces
  5204 | D:5      | Bought a scroll labeled JUIMYO LOFYSK for 25 gold pieces
  5451 | D:6      | Reached XP level 9. HP: 68/82 MP: 8/8
  5474 | D:6      | Received a gift from Trog
  5711 | D:6      | Found a staircase to the Ecumenical Temple.
  5721 | D:6      | Received a gift from Trog
  5725 | D:6      | Reached skill level 5 in Throwing
  6129 | Temple   | Entered the Ecumenical Temple
  6434 | D:7      | Reached ***** piety under Trog
  6722 | D:7      | Found Loosch's Jewellery Emporium.
  6806 | D:7      | Reached skill level 9 in Fighting
  7038 | D:7      | Found Keru's Food Shoppe.
  7182 | D:7      | Found a blossoming altar of Fedhas.
  7183 | D:7      | Found a stormy altar of Qazlal.
  7498 | D:7      | Paralysed by a wasp for 1 turns
  8166 | D:8      | Reached XP level 10. HP: 91/93 MP: 9/9
  8571 | D:8      | Noticed a deep elf mage
  8576 | D:8      | Killed a deep elf mage
  8576 | D:8      | Reached skill level 10 in Fighting
  8880 | D:9      | Found Teileo Poygh's Magic Scroll Emporium.
  8891 | D:9      | Reached skill level 10 in Axes
  8903 | D:9      | Bought a scroll of identify for 34 gold pieces
  8903 | D:9      | Bought a scroll of identify for 34 gold pieces
  9214 | D:9      | Found a snail-covered altar of Cheibriados.
  9232 | D:9      | Found a runed door.
  9232 | D:9      | Found a white marble altar of Elyvilon.
  9232 | D:9      | Noticed an angel
  9279 | D:9      | Received a gift from Trog
  9655 | D:9      | Found a blossoming altar of Fedhas.
  9722 | D:9      | Found a staircase to the Lair.
  9973 | D:9      | Received a gift from Trog
 10396 | Lair:1   | Entered Level 1 of the Lair of Beasts
 10408 | Lair:1   | Reached skill level 11 in Fighting
 10734 | Lair:1   | Noticed a spiny frog
 10744 | Lair:1   | HP: 1/96 [spiny frog (13)]
 10745 | Lair:1   | Succumbed to a spiny frog's poison

Skill      XL: |  1  2  3  4  5  6  7  8  9 10 |
---------------+-------------------------------+-----
Fighting       | 4 5 6 7 8 9 11 | 11.2
Axes           | 4 5 6 8 9 10 | 10.9
Throwing       | 1 2 3 4 5 6 |  6.6
Armour         | 3 4 5 6 7 |  7.9
Dodging        | 3 4 5 6 7 |  7.4

Action                   |  1- 3 |  4- 6 |  7- 9 | 10-12 || total
-------------------------+-------+-------+-------+-------++-------
Melee: Hand axe          |    36 |    29 |       |       ||    65
       Headbutt          |     7 |    16 |    72 |    25 ||   120
       War axe           |       |    89 |   318 |       ||   407
       Battleaxe         |       |       |    51 |   143 ||   194
Throw: Tomahawk          |       |       |    29 |     5 ||    34
Invok: Berserk           |     1 |     1 |     2 |     1 ||     5
       Trog's Hand       |       |     2 |       |     1 ||     3
       Burn Spellbooks   |       |     1 |     5 |       ||     6
  Use: Scroll            |       |       |    22 |     4 ||    26
 Stab: Sleeping          |     1 |       |       |       ||     1
  Eat: Chunk             |       |     9 |    14 |     9 ||    32
       Meat ration       |       |       |     1 |       ||     1
Armor: Animal skin       |     5 |     2 |       |       ||     7
       Scale mail        |       |    49 |   142 |       ||   191
       Plate armour      |       |       |   100 |   127 ||   227
Dodge: Dodged            |    22 |    72 |   224 |   106 ||   424
